 Dungeon Crawl Stone Soup version 0.30-a0-373-gd37427bb62 (webtiles) character file.

Game seed: 3140087169329613557

263 NinjaNoafa the Chopper (level 5, -1/67 HPs)
             Began as a Minotaur Fighter on Nov 23, 2022.
             Slain by a gnoll
             ... wielding a +0 spear
              (4 damage)
             ... on level 4 of the Dungeon.
             The game lasted 00:06:14 (3217 turns).

NinjaNoafa the Chopper (Minotaur Fighter)           Turns: 3217, Time: 00:06:15

Health: -1/67      AC: 10    Str: 23    XL:     5   Next: 97%
Magic:  4/4        EV:  7    Int:  5    God:
Gold:   146        SH:  5    Dex: 15    Spells: 4/4 levels left

rFire   . . .      SeeInvis .    s - +2 flail (venom)
rCold   . . .      Faith    .    c - +0 buckler
rNeg    . . .      Spirit   .    j - +0 chain mail
rPois   .          Reflect  .    (helmet restricted)
rElec   .          Harm     .    (no cloak)
rCorr   .          Rampage  .    k - +0 pair of gloves
Will    .....                    (no boots)
Stlth   ..........               (no amulet)
HPRegen 0.31/turn                h - +6 ring of dexterity
MPRegen 0.09/turn                (no ring)

@: berserking (expiring), lethally poisoned (-1 -> -8), very quick
A: horns 2, retaliatory headbutt
a: no special abilities


You were on level 4 of the Dungeon.
You visited 1 branch of the dungeon, and saw 4 of its levels.
You also visited: Sewer.

You collected 146 gold pieces.

Inventory:

Hand Weapons
 s - a +2 flail of venom (weapon)
Missiles
 l - 4 datura-tipped darts (quivered)
 m - 37 stones
 v - 3 poisoned darts
Armour
 c - a +0 buckler (worn)
 j - a +0 chain mail (worn)
 k - a +0 pair of gloves (worn)
Jewellery
 h - a +6 ring of dexterity (left hand)
Scrolls
 b - 4 scrolls of identify {unknown}
 i - 2 scrolls of amnesia {unknown}
 n - a scroll of summoning {unknown}
 p - 2 scrolls of butterflies {unknown}
 q - 2 scrolls of acquirement {unknown}
 r - 2 scrolls of fear {unknown}
 t - 4 scrolls of noise {unknown}
 u - a scroll of brand weapon {unknown}
Potions
 a - a potion of berserk rage
 d - a potion of might
 e - a potion of degeneration {unknown}
 f - a potion of magic {unknown}
 g - 3 potions of resistance {unknown}
 o - 2 potions of mutation {unknown}
 w - a potion of haste {unknown}
 x - a potion of experience {unknown}


   Skills:
 - Level 3.6 Fighting
 + Level 6.3(6.9) Axes
 - Level 3.9(5.6) Maces & Flails
 - Level 3.6 Armour
 - Level 3.6 Shields


You had 4 spell levels left.
You didn't know any spells.
Your spell library contained the following spells:

 Spells                   Type           Power      Damage    Failure   Level
 Summon Small Mammal      Summ           0%         N/A       99%         1
 Call Canine Familiar     Summ           0%         N/A       100%        3
 Summon Guardian Golem    Hex/Summ       0%         N/A       100%        3


Dungeon Overview and Level Annotations

Branches:
Dungeon (4/15)              Sewer (visited)
 Temple: D:4-7

Altars:
Ashenzari
Fedhas

Shops:
D:1 (


Innate Abilities, Weirdness & Mutations

You have a pair of horns on your head.
You reflexively headbutt those who attack you in melee.


Message History

You are poisoned.
You block the gnoll's attack.
You barely miss the goblin. You headbutt the goblin.
You kill the goblin!
You feel sick. You block the gnoll's attack.
The gnoll hits you with a +0 spear of venom!
You are more poisoned.
You barely miss the gnoll.
You feel very sick. The gnoll barely misses you.
The gnoll hits you from afar with a +0 spear.
You block the gnoll's attack.
You sock the gnoll!
The gnoll is poisoned.
You headbutt the gnoll.
You kill the gnoll!
You feel very sick. The gnoll hits you but does no damage.
You are lethally poisoned!
* * * LOW HITPOINT WARNING * * *
You feel very sick. The gnoll hits you but does no damage.
* * * LOW HITPOINT WARNING * * *
You feel very sick.
It was a potion of berserk rage.
A red film seems to cover your vision as you go berserk!
You feel yourself moving faster!
You feel mighty!
* * * LOW HITPOINT WARNING * * *
You feel very sick. The gnoll hits you but does no damage.
You feel a strong urge to attack something.
* * * LOW HITPOINT WARNING * * *
You feel sick. The gnoll barely misses you. You furiously retaliate!
You headbutt the gnoll.
The gnoll hits you from afar with a +0 spear.
* * * LOW HITPOINT WARNING * * *
You bludgeon the gnoll!!
You kill the gnoll!
* * * LOW HITPOINT WARNING * * *
You feel sick.
The gnoll hits you from afar with a +0 spear.
You die...

#.......#
######
##......#
#.....##
#....##
#....#
##...##
#...##
#...##
#..@)#
##.#)#
#.#gg#
#.##.# ##
.. ...
....
..!..
......


You could see 2 gnolls.

Vanquished Creatures
  An orc priest (D:3)
  A hound (D:4)
  2 orc wizards (D:4)
  2 gnolls (D:4)
  4 adders
  An ufetubus (D:4)
  A worm (D:2)
  9 orcs
  10 bats
  6 endoplasms
  3 giant cockroaches
  5 goblins
  7 hobgoblins
  3 jackals (D:1)
  3 quokkas
  6 ball pythons
  7 frilled lizards
  14 kobolds
  8 rats
93 creatures vanquished.

Vanquished Creatures (others)
  8 plants
8 creatures vanquished.

Grand Total: 101 creatures vanquished

Notes
Turn   | Place    | Note
-------+----------+-------------------------------------------
     0 | D:1      | NinjaNoafa the Minotaur Fighter began the quest for the
                  | Orb.
     0 | D:1      | Reached XP level 1. HP: 19/19 MP: 0/0
   167 | D:1      | Reached XP level 2. HP: 19/26 MP: 1/1
   261 | D:1      | Found Ustog's Antique Weapon Shoppe.
   331 | D:1      | Reached skill level 1 in Axes
   641 | D:2      | Reached XP level 3. HP: 31/31 MP: 2/2
   665 | D:2      | Found a faded altar of an unknown god.
   684 | D:2      | Reached skill level 2 in Axes
  1379 | D:3      | Reached skill level 3 in Axes
  1439 | D:3      | Found a blossoming altar of Fedhas.
  1449 | D:3      | Reached XP level 4. HP: 39/39 MP: 3/3
  1457 | D:3      | Reached skill level 4 in Axes
  2258 | D:4      | Found a broken altar of Ashenzari.
  2339 | D:4      | Reached XP level 5. HP: 9/45 MP: 4/4
  2340 | D:4      | HP: 1/45 [orc/+0 hand axe (3)]
  2470 | D:4      | Reached skill level 5 in Axes
  2740 | D:4      | Found a glowing drain.
  2753 | Sewer    | Entered a sewer
  3126 | D:4      | Reached skill level 6 in Axes
  3217 | D:4      | HP: 3/67 [poisoned by a gnoll]
  3217 | D:4      | Slain by a gnoll

Illustrated notes

Levels and vault maps discovered:
D:1:      ncdulo_lavacross, layout_basic, serial_shops,
          nicolae_shop_overgrown_old_shop
D:2:      layout_loops_cross, shapermc_ecumenical_altar_acropolis
D:3:      layout_basic, lemuel_tele_altar, serial_bayou, serial_bayou_pond_a,
          serial_bayou_shore_b, serial_bayou_ford_a, serial_bayou_lake_a,
          serial_bayou_shore_b, serial_bayou_pond_e, hex_intersection
D:4:      layout_cave_pods, mainiacjoe_overflow_concentric_impassable,
          portal_sewer_entry_a

Skill      XL: |  1  2  3  4  5 |
---------------+----------------+-----
Maces & Flails | 3 |  3.9
Axes           | 1 3 4 6 |  6.3
Fighting       | |  3.6
Armour         | |  3.6
Shields        | |  3.6

Action                   |  1- 3 |  4- 6 || total
-------------------------+-------+-------++-------
Melee: Flail             |    65 |    94 ||   159
       Headbutt          |    15 |    15 ||    30
       Hand axe          |    14 |     6 ||    20
  Use: Potion            |       |     3 ||     3
Armor: Scale mail        |     5 |       ||     5
       Chain mail        |    30 |    88 ||   118
Dodge: Dodged            |    33 |    51 ||    84
Block: Buckler           |    18 |    31 ||    49

Table legend: (Time is in decaauts)
 A = Elapsed time spent in this place.
 B = Non-inter-level travel time spent in this place.
 C = Inter-level travel time spent in this place.
 D = Time resting spent in this place.
 E = Time spent auto-exploring this place.
 F = Levels seen in this place.
 G = Mean time per level.
                   A        B        C        D        E       F      G
               +--------+--------+--------+--------+--------+-----+--------+
         Total |   3305 |   3190 |    115 |      0 |   2468 |   5 |  661.0 |
       Dungeon |   2973 |   2858 |    115 |      0 |   2284 |   4 |  743.2 |
         Sewer |    331 |    331 |      0 |      0 |    183 |   1 |  331.0 |
               +--------+--------+--------+--------+--------+-----+--------+

Top non-repeatable levels by time:
     D:3: 999 daAuts
     D:4: 671 daAuts
     D:2: 657 daAuts
     D:1: 645 daAuts
   Sewer: 331 daAuts
